 Dungeon Sprint DCSS version 0.21-a0-8-gcf94df6 (webtiles) character file.

933 Naow the Cleaver (level 8, 0/58 HPs)
             Began as a Formicid Fighter on May 23, 2017.
             Was a Believer of Okawaru.
             Slain by an earth elemental (20 damage)
             ... summoned by a deep elf mage
             ... in the Dungeon (Sprint IX: "|||||||||||||||||||||||||||||").
             The game lasted 00:02:19 (525 turns).

Naow the Cleaver (Formicid Fighter)                  Turns: 525, Time: 00:02:19

Health: 0/58       AC: 12    Str: 34    XL:     8   Next: 33%
Magic:  6/8        EV:  8    Int:  8    God:    Okawaru [**....]
Gold:   0          SH: 14    Dex: 10    Spells: 7/7 levels left

rFire    . . .     SeeInvis +   p - +1 broad axe (freeze)
rCold    . . .     Gourm    .   c - +0 shield
rNeg     . . .     Faith    .   t - +0 plate armour
rPois    .         Spirit   .   (helmet unavailable)
rElec    .         Reflect  .   s - +0 cloak
rCorr    .         Harm     .   (no gloves)
MR       .....                  (no boots)
Stlth    ..........             (no amulet)
Regen    0.2/turn               q - +3 ring of strength
MPRegen  0.2/turn               r - +3 ring of strength

@: mighty
A: permanent stasis, dig shafts and tunnels, four strong arms, antennae 3
a: Dig, Heroism, Renounce Religion


You were in the Dungeon.
You worshipped Okawaru.
Okawaru was pleased with you.
You were not hungry.

You visited 1 branch

Inventory:

Hand Weapons
 a - a +0 war axe
 p - a +1 broad axe of freezing (weapon)
Armour
 b - a +0 scale mail
 c - a +0 shield (worn)
 s - a +0 cloak (worn)
 t - a +0 plate armour (worn)
Jewellery
 q - a +3 ring of strength (left hand)
 r - a +3 ring of strength (right hand)
Wands
 o - a wand of acid (7/15)
Scrolls
 k - 2 scrolls of blinking
 m - 3 scrolls of remove curse
 n - 2 scrolls of amnesia
Potions
 e - 5 potions of curing
 g - a potion of invisibility
 h - a potion of haste
 i - 4 potions of magic
 j - a potion of berserk rage
 l - 2 potions of heal wounds
Comestibles
 f - a bread ration
 u - a chunk of flesh


   Skills:
 - Level 3.2 Fighting
 * Level 13.7 Axes
 - Level 3.2 Armour
 + Level 12.1 Shields


You had 7 spell levels left.
You didn't know any spells.

Dungeon Overview and Level Annotations

Branches:
Dungeon (1/1)

Altars:
Cheibriados
Dithmenos
Elyvilon
Fedhas
Gozag
Hepliaklqana
Kikubaaqudgha
Makhleb
Nemelex Xobeh
Okawaru
Qazlal
Ru
Sif Muna
Trog
Uskayaw
Vehumet
Wu Jian
Xom
Yredelemnul
Zin
The Shining One
Beogh
Jiyva
Lugonu


Innate Abilities, Weirdness & Mutations

You cannot be hasted, slowed, berserked, paralysed or teleported.
You can dig through walls and to a lower floor.
Your four strong arms can wield two-handed weapons with a shield.
You have a pair of large antennae on your head. (SInv)


Message History

You hit the earth elemental but do no damage.
You barely miss the wraith.
The wraith is almost destroyed.
You slash the earth elemental! The wraith hits you!
The earth elemental hits you!
The deep elf mage mumbles some strange words.
The deep elf mage blinks!
You closely miss the wraith.
The wraith is almost destroyed.
You slash the earth elemental! You block the wraith's attack.
You block the earth elemental's attack.
You slash the wraith!
You destroy the wraith!
Okawaru is honoured by your kill.
Your Shields skill increases to level 12!
You hit the earth elemental but do no damage.
You closely miss the howler monkey. You hit the earth elemental.
The howler monkey hoots and howls with incredible vigour!
The earth elemental hits you!!
You die... { { { {{{{{ ▓▓▓▓▓▓▓▓▓▓▓▓▓▓▓▓▓▓▓▓▓▓▓▓ +..e.nh@EE...)'(...[)|.. ▓▓▓▓▓▓▓▓▓▓▓▓▓▓▓▓▓▓▓▓▓▓▓▓

You could see 2 earth elementals, a deep elf mage, a necrophage and a howler monkey.

Vanquished Creatures
  A troll (D)
  A wraith (D)
  An eye of draining (D)
  2 ogres (D)
  2 centaurs (D)
  A necrophage (D)
  An orc wizard (D)
  2 worker ants (D)
  An adder (D)
  An adder zombie (D)
  A bat zombie (D)
  A giant cockroach (D)
  A goblin (D)
  A frilled lizard (D)
  2 kobolds (D)
19 creatures vanquished.

Notes
Turn   | Place    | Note
-------+----------+-------------------------------------------
     0 | D        | Naow the Formicid Fighter began the quest for the Orb.
     0 | D        | Reached XP level 1. HP: 18/18 MP: 1/1
     8 | D        | Reached skill level 3 in Axes
    87 | D        | Noticed a worker ant
    87 | D        | Noticed an orc wizard
    87 | D        | Noticed an ogre
    87 | D        | Noticed a centaur
    95 | D        | Killed a centaur
    95 | D        | Reached skill level 7 in Axes
    95 | D        | Reached XP level 2. HP: 14/24 MP: 2/2
    95 | D        | Reached XP level 3. HP: 17/29 MP: 3/3
    95 | D        | Reached XP level 4. HP: 21/35 MP: 4/4
   105 | D        | Killed an ogre
   105 | D        | Reached skill level 9 in Axes
   105 | D        | Reached XP level 5. HP: 23/41 MP: 5/5
   107 | D        | Reached XP level 6. HP: 17/47 MP: 6/6
   308 | D        | Found a roughly hewn altar of Beogh.
   308 | D        | Found a snail-covered altar of Cheibriados.
   308 | D        | Found a shadowy altar of Dithmenos.
   308 | D        | Found a white marble altar of Elyvilon.
   308 | D        | Found a blossoming altar of Fedhas.
   308 | D        | Found an opulent altar of Gozag.
   309 | D        | Found a hazy altar of Hepliaklqana.
   310 | D        | Found a viscous altar of Jiyva.
   311 | D        | Found an ancient bone altar of Kikubaaqudgha.
   312 | D        | Found a corrupted altar of Lugonu.
   313 | D        | Found a burning altar of Makhleb.
   314 | D        | Found a sparkling altar of Nemelex Xobeh.
   315 | D        | Found an iron altar of Okawaru.
   316 | D        | Found a stormy altar of Qazlal.
   317 | D        | Found a sacrificial altar of Ru.
   318 | D        | Found a deep blue altar of Sif Muna.
   319 | D        | Found a bloodstained altar of Trog.
   320 | D        | Found a hide-covered altar of Uskayaw.
   321 | D        | Found a radiant altar of Vehumet.
   322 | D        | Found an ornate altar of the Wu Jian Council.
   323 | D        | Became a worshipper of Warmaster Okawaru
   324 | D        | Found a shimmering altar of Xom.
   325 | D        | Found a basalt altar of Yredelemnul.
   326 | D        | Found a glowing silver altar of Zin.
   327 | D        | Found a glowing golden altar of the Shining One.
   379 | D        | Noticed an eye of draining
   379 | D        | Noticed a necrophage
   381 | D        | Reached skill level 10 in Axes
   389 | D        | Killed a necrophage
   389 | D        | Reached * piety under Okawaru
   389 | D        | Reached skill level 11 in Axes
   389 | D        | Reached skill level 10 in Shields
   389 | D        | Reached XP level 7. HP: 39/52 MP: 0/7
   403 | D        | Reached skill level 12 in Axes
   504 | D        | Noticed a wraith
   504 | D        | Noticed a troll
   504 | D        | Noticed a deep elf mage
   511 | D        | Killed a troll
   511 | D        | Reached skill level 13 in Axes
   511 | D        | Reached XP level 8. HP: 48/58 MP: 5/8
   524 | D        | Killed a wraith
   524 | D        | Reached ** piety under Okawaru
   525 | D        | Slain by an earth elemental

Vault maps used:
D:        linesprint

Skill      XL: |  1  2  3  4  5  6  7  8 |
---------------+-------------------------+-----
Axes           | 7 9 11 13 | 13.7
Shields        | 6 8 10 11 12 | 12.1
Fighting       | |  3.2
Armour         | |  3.2

Action                   |  1- 3 |  4- 6 |  7- 9 || total
-------------------------+-------+-------+-------++-------
Melee: War axe           |    18 |    14 |       ||    32
       Broad axe         |       |     8 |    31 ||    39
Invok: Heroism           |       |       |     1 ||     1
  Use: Potion            |     1 |       |     1 ||     2
Armor: Scale mail        |     5 |     1 |       ||     6
       Plate armour      |       |     3 |     4 ||     7
Dodge: Dodged            |     8 |     5 |     8 ||    21
Block: Shield            |     5 |     7 |    14 ||    26
